AoeStats
← Bremmel

Arena

505207607Analyzed
1v1 RM · 25d ago on Sep 8, 2026· 65m 21s· 2 players
Game mode
Random Map
Map size
Tiny (2 player)
Population
200
Speed
Normal
Resources
Standard
Victory
Conquest
Starting age
Dark Age
Ending age
Imperial Age
RankedLock teamsTeams togetherTeam positionsShared explorationLock speedFull tech treeHidden civsTurbo modeCheats
Victory
Defeat
🇩🇪 Dravidians · Germany
666
+23
🇳🇱 Malians · Netherlands
644
-15
HAKIEE
11:59 Feudal Age
10:56 Loom
13:21 Gold Mining
13:17 Double-Bit Axe
13:15 Horse Collar
17:18 Wheelbarrow
17:18 Stone Mining
17:51 Loom
20:06 Forging
19:57 Scale Mail Armor
19:51 Fletching
20:01 Padded Archer Armor
23:58 Castle Age
22:34 Forging
24:37 Crossbowman
25:23 Thumb Ring
25:21 Bodkin Arrow
26:41 Town Watch
28:47 Heavy Plow
29:41 Bow Saw
37:16 Imperial Age
34:31 Elite Skirmisher
35:49 Leather Archer Armor
37:37 Squires
38:29 Conscription
38:51 Ring Archer Armor
38:58 Iron Casting
38:24 Scale Mail Armor
39:13 Elite Gbeto
39:56 Tigui
40:36 Husbandry
40:48 Bloodlines
39:58 Light Cavalry
41:25 Gold Shaft Mining
40:45 Capped Ram
43:04 Scale Barding Armor
43:15 Chain Mail Armor
43:20 Murder Holes
43:22 Cavalier
52:22 Chain Barding Armor
55:23 Chemistry
54:44 Ballistics
54:00 Onager
55:07 Heated Shot
55:29 Masonry
55:32 Fortified Wall
56:46 Crop Rotation
Bremmel
2:36 Loom
11:16 Feudal Age
12:39 Wheelbarrow
11:48 Horse Collar
11:56 Double-Bit Axe
20:44 Castle Age
19:44 Padded Archer Armor
19:35 Fletching
19:42 Gold Mining
22:18 Hand Cart
22:11 Heavy Plow
22:28 Bow Saw
23:48 Crossbowman
29:01 Man-at-Arms
33:42 Imperial Age
31:28 Long Swordsman
32:54 Stone Mining
34:03 Thumb Ring
34:52 Leather Archer Armor
34:33 Bodkin Arrow
34:49 Forging
41:37 Conscription
42:47 Ring Archer Armor
42:18 Bracer
43:01 Arbalester
43:04 Elite Skirmisher
54:05 Two-Handed Swordsman
54:56 Scale Mail Armor
55:31 Iron Casting
55:40 Two-Handed Swordsman
57:57 Chain Mail Armor
58:43 Blast Furnace
Connection lost

Rejoining the realm…

Still unreachable

The connection could not be restored.

Session expired

The server has moved on; the page needs a fresh start.